 Dungeon Crawl Stone Soup version 0.23-a0-115-g8d3be6a (console) character file.

2571 toffzen the Shield-Bearer (level 9, -1/62 HPs)
             Began as an Octopode Fighter on Aug 22, 2018.
             Was an Initiate of Yredelemnul.
             Slain by a wyvern (8 damage)
             ... on level 8 of the Dungeon on Aug 23, 2018.
             The game lasted 00:35:43 (9234 turns).

toffzen the Shield-Bearer (Octopode Fighter)        Turns: 9234, Time: 00:35:43

Health: -1/62      AC:  1    Str: 15    XL:     9   Next: 57%
Magic:  9/9        EV: 15    Int: 18    God:    Yredelemnul [......]
Gold:   547        SH: 10    Dex: 13    Spells: 8/8 levels left

rFire    . . .     SeeInvis .   a - +0 trident
rCold    . . .     Gourm    .   b - +0 shield
rNeg     . . .     Faith    .   (helmet restricted)
rPois    +         Spirit   .   (no amulet)
rElec    .         Reflect  .   c - ring of resist corrosion
rCorr    +         Harm     .   k - ring of flight
MR       .....                  B - ring of poison resistance
Stlth    ++........             F - +6 ring of intelligence
HPRegen  0.20/turn              (no ring)
MPRegen  0.11/turn              (no ring)
                                (no ring)
                                (no ring)

@: no status effects
A: almost no armour, stealthy swim, amphibious, 8 rings, constrict 8, camouflage
1, gelatinous body 1
a: Renounce Religion, Evoke Flight


You were on level 8 of the Dungeon.
You worshipped Yredelemnul.
Yredelemnul was noncommittal.
You were not hungry.

You visited 2 branches of the dungeon, and saw 9 of its levels.
You also visited: Sewer.

You collected 547 gold pieces.

Inventory:

Hand Weapons
 a - a +0 trident (weapon)
 n - a +0 blowgun
Missiles
 g - 88 sling bullets
 o - 193 stones
 r - 26 poisoned needles
 s - 8 tomahawks (quivered)
Armour
 b - a +0 shield (worn)
Jewellery
 c - a ring of resist corrosion (left tentacle)
 k - a ring of flight (right tentacle)
 B - a ring of poison resistance (on tentacle)
 F - a +6 ring of intelligence (on tentacle)
Wands
 y - a wand of polymorph (15)
Scrolls
 f - 2 scrolls of fear
 j - 4 scrolls of teleportation
 l - 2 scrolls of magic mapping
 p - 2 scrolls of amnesia {unknown}
 t - 4 scrolls of remove curse
 u - a scroll of blinking {unknown}
 x - a scroll of enchant weapon {unknown}
 A - a scroll of fog {unknown}
 C - a scroll of noise {unknown}
Potions
 e - 3 potions of mutation
 h - a potion of degeneration
 i - 3 potions of curing
 m - a potion of ambrosia {unknown}
 q - 2 potions of heal wounds
 v - a potion of haste
 z - a potion of brilliance {unknown}
 D - 3 potions of lignification
 E - a potion of invisibility {unknown}
Comestibles
 d - 11 rations


   Skills:
 + Level 5.9 Fighting
 * Level 7.6 Polearms
 + Level 5.9 Dodging
 * Level 7.9 Shields


You had 8 spell levels left.
You didn't know any spells.
Your spell library contained the following spells:

 Spells                   Type           Power        Failure   Level  Hunger
 Confusing Touch          Hex            #.....       47%         1    ##.....
 Magic Dart               Conj           #...         47%         1    ##.....
 Blink                    Tloc           N/A          63%         2    ###....
 Call Imp                 Summ           #.......     63%         2    ###....
 Slow                     Hex            #.......     63%         2    ###....
 Confuse                  Hex            #.......     85%         3    ####...
 Conjure Flame            Conj/Fire      #.......     85%         3    ####...
 Gell's Gravitas          Tloc           #.........   85%         3    ####...
 Mephitic Cloud           Conj/Pois/Air  #.......     85%         3    ####...
 Petrify                  Tmut/Erth      #.......     99%         4    #####..
 Metabolic Englaciation   Hex/Ice        #.........   100%        5    ######.
 Yara's Violent Unravell  Hex/Tmut       #.........   100%        5    ######.


Dungeon Overview and Level Annotations

Branches:
Dungeon (8/15)             Temple (1/1) D:7
   Lair: D:8-11

Altars:
Ashenzari
Elyvilon
Kikubaaqudgha
Nemelex Xobeh
Yredelemnul

Shops:
D:5 *

Annotations:
D:2 1 runed door


Innate Abilities, Weirdness & Mutations

You cannot wear most types of armour.
You are very stealthy in the water. (Stealth+)
You are amphibious.
You can wear up to eight rings at the same time.
You can use your tentacles to constrict eight enemies at once.
Your skin changes colour to match your surroundings (Stealth+).
Your rubbery body absorbs attacks. (AC +1, EV +1)


Message History

The wyvern is severely wounded.
The wyvern bites you!
You barely miss the wyvern. Your squeeze misses the wyvern.
The wyvern is severely wounded.
The wyvern closely misses you.
You barely miss the wyvern.
The wyvern is severely wounded.
The wyvern bites you! The wyvern closely misses you.
You are too injured to fight recklessly!
You are too injured to fight recklessly!
You closely miss the wyvern. You squeeze the wyvern.
The wyvern is severely wounded.
The wyvern bites you!
You hit the wyvern.
The wyvern is almost dead.
The wyvern bites you!
* * * LOW HITPOINT WARNING * * *
The wyvern bites you!
You die...
Your body rises from the dead as a mindless zombie.

.# # ### (# ##
###.# ##.# .###
###...# #(.#
...#####..>..# #..
##...##......# #.#
###.........###l#
#.........##.@#
#####.....##..#
##### ###...##..#
##...# ###..).##
##..... ###..#
###...... ##.##
#####....._.. ##.#
##...#.#......
#.###......##.....
##.##.....####...#
#.##......#######
##.#.......##


You could see a wyvern.

Vanquished Creatures
  Joseph (D:7)
  A troll (D:8)
  Menkaure (D:7)
  An ice beast (D:7)
  A phantom (D:4)
  An ogre (D:5)
  A centaur (D:8)
  4 bullfrogs
  Blork the orc (D:5)
  4 big kobolds
  A water moccasin zombie (D:7)
  3 scorpions
  2 crimson imps (D:5)
  3 jellies
  2 hounds
  5 orc wizards
  An iguana (D:5)
  Jessica (D:2)
  3 worker ants
  A howler monkey zombie (D:6)
  A howler monkey skeleton (D:5)
  10 adders
  6 oozes
  An adder zombie (D:5)
  2 adder skeletons
  3 worms
  4 dart slugs
  3 leopard geckos
  22 orcs
  5 ball pythons (Sewer)
  7 bats
  3 giant cockroaches
  6 goblins
  9 hobgoblins
  6 jackals (D:3)
  2 quokkas
  7 frilled lizards
  15 kobolds
  A leopard gecko skeleton (D:5)
  A quokka skeleton (D:7)
  13 rats
  A spectral orc (D:6)
166 creatures vanquished.

Notes
Turn   | Place    | Note
-------+----------+-------------------------------------------
     0 | D:1      | toffzen the Octopode Fighter began the quest for the Orb.
     0 | D:1      | Reached XP level 1. HP: 16/16 MP: 1/1
    50 | D:1      | Reached XP level 2. HP: 20/21 MP: 2/2
   432 | D:1      | Found a shattered altar of Ashenzari.
   987 | D:2      | Reached XP level 3. HP: 26/26 MP: 3/3
  1003 | D:2      | Found a white marble altar of Elyvilon.
  1292 | D:2      | Found a sparkling altar of Nemelex Xobeh.
  1596 | D:2      | Noticed Jessica
  1607 | D:2      | Killed Jessica
  1607 | D:2      | Reached XP level 4. HP: 27/31 MP: 4/4
  2027 | D:2      | Upgraded the game from 0.23-a0-109-g5e4b187 to 0.23-a0-115-g8d3be6a
  2128 | D:2      | Found a runed door.
  2520 | D:3      | Reached XP level 5. HP: 36/36 MP: 5/5
  3080 | D:3      | Found a shattered altar of Ashenzari.
  3277 | D:4      | Found a glowing drain.
  3302 | Sewer    | Entered a sewer
  3347 | Sewer    | Noticed a big kobold
  3361 | Sewer    | Killed a big kobold
  3474 | Sewer    | Noticed a big kobold
  3490 | Sewer    | Reached XP level 6. HP: 41/43 MP: 6/6
  3979 | Sewer    | Reached skill level 5 in Shields
  4239 | Sewer    | Reached XP level 7. HP: 48/48 MP: 7/7
  4985 | D:4      | Reached skill level 5 in Polearms
  5242 | D:5      | Entered Level 5 of the Dungeon
  5242 | D:5      | Noticed Blork the orc
  5622 | D:5      | Reached XP level 8. HP: 29/54 MP: 8/8
  5774 | D:5      | Found Fuysodau's Assorted Antiques.
  6242 | D:5      | Killed Blork the orc
  6917 | D:6      | Reached skill level 5 in Fighting
  6990 | D:6      | Reached skill level 5 in Dodging
  7365 | D:6      | Found a basalt altar of Yredelemnul.
  7515 | D:6      | Became a worshipper of Yredelemnul the Dark
  7815 | D:7      | Noticed Menkaure
  7816 | D:7      | Noticed Joseph
  7907 | D:7      | Killed Menkaure
  7918 | D:7      | Killed Joseph
  7918 | D:7      | Reached XP level 9. HP: 48/61 MP: 9/9
  8224 | D:7      | Found a staircase to the Ecumenical Temple.
  8233 | Temple   | Entered the Ecumenical Temple
  8792 | D:8      | Noticed a troll
  8804 | D:8      | Killed a troll
  9052 | D:8      | Found an ancient bone altar of Kikubaaqudgha.
  9234 | D:8      | Slain by a wyvern

Vault maps used:
D:1:      roderic_crop_circles_arrival_small, minmay_tree_intersection,
          ashenzari_altar_1
D:2:      nemelex_xobeh_ov_fountains_minmay, marbit_many_paths, first_ration,
          uniq_crazy_yiuf_cottage, uniq_jessica
D:3:      lemuel_doored_altar
D:4:      portal_sewer_entry_d, nrook_loot_triangle
D:5:      serial_shops, nicolae_shop_statue_plus, uniq_blork_the_orc
D:6:      yredelemnul_forgotten_temple_becter
D:7:      minmay_temple_entry_poolview, uniq_joseph, uniq_menkaure
D:8:      lemuel_round_altar, makhleb_altar_promises_db, erik_lair_island
Temple:   regret_index_temple_generic_petals
Sewer:    sewer_co_tree

Skill      XL: |  1  2  3  4  5  6  7  8 |
---------------+-------------------------+-----
Polearms       | 3 4 5 7 |  7.6
Shields        | 4 5 7 |  7.9
Fighting       | 4 5 |  5.9
Dodging        | 4 5 |  5.9

Action                   |  1- 3 |  4- 6 |  7- 9 || total
-------------------------+-------+-------+-------++-------
Melee: Trident           |    70 |   140 |   252 ||   462
       Constrict         |    11 |    28 |    36 ||    75
       Tentacles         |     5 |    18 |    43 ||    66
Throw: Stone             |       |    23 |     1 ||    24
       Javelin           |       |    17 |    25 ||    42
  Use: Potion            |     1 |       |     5 ||     6
       Scroll            |       |     8 |     7 ||    15
 Stab: Sleeping          |     7 |    14 |    10 ||    31
  Eat: Chunk             |     2 |     9 |     5 ||    16
       Ration            |       |       |     3 ||     3
Armor: Skin              |     3 |     4 |     6 ||    13
Dodge: Dodged            |    11 |    30 |    79 ||   120
Block: Shield            |    10 |    35 |    69 ||   114

Table legend:
 A = Non-vault XP
 B = Vault XP
 C = Vault XP percentage of total XP
 D = Non-vault monster count
 E = Vault monster count
 F = Vault count percentage of total count
                 A         B        C        D         E       F
            +---------+---------+-------+---------+---------+-------
      Total |    2188 |    1486 |  40.4 |     130 |      36 |  21.7
            +---------+---------+-------+---------+---------+-------
        D:1 |      35 |       0 |   0.0 |      20 |       0 |   0.0
        D:2 |      71 |      38 |  34.9 |      17 |       2 |  10.5
        D:3 |      55 |       0 |   0.0 |      25 |       0 |   0.0
        D:4 |     455 |      13 |   2.8 |      21 |       1 |   4.5
        D:5 |     447 |      94 |  17.4 |      17 |       1 |   5.6
        D:6 |     246 |       1 |   0.4 |       6 |       1 |  14.3
        D:7 |     370 |     640 |  63.4 |       8 |       2 |  20.0
        D:8 |     509 |     286 |  36.0 |      16 |       1 |   5.9
      Sewer |       0 |     414 | 100.0 |       0 |      28 | 100.0
            +---------+---------+-------+---------+---------+-------
